 Dungeon Crawl Stone Soup version 0.18-a0-917-g8a3da5b (webtiles) character file.

138 dvd the Chucker (level 5, 0/53 HPs)
             Began as an Ogre Hunter on Dec 26, 2015.
             Was an Initiate of Trog.
             Slain by an orc wizard
             ... wielding a +0 dagger
              (3 damage)
             ... on level 3 of the Dungeon.
             The game lasted 00:09:16 (2167 turns).

dvd the Chucker (Ogre Hunter)                       Turns: 2167, Time: 00:09:16

Health: 0/53       AC:  3    Str: 17    XL:     5   Next: 21%
Magic:  5/5        EV: 10    Int: 10    God:    Trog [......]
Gold:   171        SH:  0    Dex: 11    Spells: 0 memorised, 4 levels left

rFire  . . .     SeeInvis .     a - +0 mace
rCold  . . .     Gourm    .     b - +0 robe
rNeg   . . .     Faith    .     (no shield)
rPois  .         Spirit   .     m - +0 hat
rElec  .         Dismiss  .     (no cloak)
rCorr  .         Reflect  .     (gloves unavailable)
SustAt .         Harm     .     (boots unavailable)
MR     .....                    x - amulet of rage
Stlth  +.........               (no ring)
                                (no ring)

@: not resistant to hostile enchantments, very unstealthy
A: unfitting armour, tough skin 1
a: Burn Spellbooks, Renounce Religion, Evoke Berserk Rage


You were on level 3 of the Dungeon.
You worshipped Trog.
Trog was noncommittal.
You were not hungry.

You visited 1 branch of the dungeon, and saw 3 of its levels.

You collected 171 gold pieces.

Inventory:

Hand Weapons
 a - a +0 mace (weapon)
 e - a +0 war axe
Missiles
 q - 73 stones
 r - 3 throwing nets
 u - 2 large rocks (quivered)
Armour
 b - a +0 robe (worn)
 m - a +0 hat (worn)
Jewellery
 x - an amulet of rage (around neck)
Scrolls
 h - a scroll of immolation {unknown}
 i - a scroll of random uselessness {unknown}
 j - 5 scrolls of remove curse {unknown}
 k - 2 scrolls of teleportation {unknown}
 l - 5 scrolls of identify {unknown}
 n - a scroll of fear {unknown}
 s - a scroll of amnesia {unknown}
Potions
 o - a potion of poison {unknown}
 p - 2 potions of lignification {unknown}
 t - a potion of mutation {unknown}
 v - a potion of heal wounds {unknown}
 w - a potion of resistance {unknown}
Comestibles
 d - a beef jerky
 f - 2 bread rations
 g - a meat ration


   Skills:
 + Level 3.5 Fighting
 + Level 1.1 Maces & Flails
 + Level 5.4 Throwing
 + Level 2.5 Dodging
 + Level 1.2 Stealth


You had 4 spell levels left.
You didn't know any spells.

Dungeon Overview and Level Annotations

Branches:
Dungeon (3/15)

Altars:
Cheibriados
Trog


Innate Abilities, Weirdness & Mutations

You are too large for most types of armour.
You have tough skin (AC +1).


Message History

You miss something. Something hits you.
* * * LOW HITPOINT WARNING * * *
You barely miss something. Something hits you but does no damage.
Something hits you.
* * * LOW HITPOINT WARNING * * *
Unknown command.
You barely miss something. Something hits you but does no damage.
Something hits you.
* * * LOW HITPOINT WARNING * * *
Unknown command.
You barely miss something. Something hits you but does no damage.
Something hits you.
* * * LOW HITPOINT WARNING * * *
Unknown command.
Read which item? (? for menu, Esc to quit)
Okay, then.
Drink which item? (? for menu, Esc to quit)
Okay, then.
You hit something. Something hits you but does no damage. Something hits you.
You die...

......#
#<.........#...##
.#.####
#..)......)#..## .#.#
##.รท........#.##
.#.# ##...8.8.8.8.###
(..#####....#########
.......))....# #.#
###.####.....# #?#
#.# ##....######.###
#.# ####....@{oo..#
#.# ########o#.## #.#
#.o..##### #.#
#...o..... #.#
##..(##### #.# ##.##
#.# #.# #.# #.# #>#
#.#


You could see 3 orcs.

Vanquished Creatures
  An orc wizard (D:3)
  3 gnolls (D:3)
  3 adders (D:2)
  2 giant geckos
  5 orcs (D:3)
  A ball python (D:3)
  2 giant cockroaches
  12 goblins
  7 hobgoblins
  5 kobolds
  A quokka (D:3)
  5 bats
  4 giant newts
  4 rats (D:2)
55 creatures vanquished.

Notes
Turn   | Place    | Note
--------------------------------------------------------------
     0 | D:1      | dvd the Ogre Hunter began the quest for the Orb.
     0 | D:1      | Reached XP level 1. HP: 22/22 MP: 1/1
   370 | D:1      | Reached XP level 2. HP: 29/29 MP: 2/2
   777 | D:2      | Reached skill level 1 in Stealth
   777 | D:2      | Reached XP level 3. HP: 29/37 MP: 3/3
  1128 | D:2      | Reached skill level 5 in Throwing
  1369 | D:3      | Reached XP level 4. HP: 21/45 MP: 4/4
  1561 | D:3      | Found a faded altar to an unknown god.
  1579 | D:3      | Reached skill level 1 in Maces & Flails
  1587 | D:3      | Found a snail-covered altar of Cheibriados.
  1631 | D:3      | Reached XP level 5. HP: 37/53 MP: 5/5
  1811 | D:3      | Found a bloodstained altar of Trog.
  1821 | D:3      | Became a worshipper of Trog the Wrathful
  2167 | D:3      | Slain by an orc wizard

Vault maps used:
D:1:      lemuel_arrival_cross, minmay_parallelograms, serial_bayou_pond_b,
          hangedman_decor_diamond_cutter, minmay_misc_feat_encased
D:3:      kennysheep_the_goblin_king, lemuel_round_altar, cheibriados_altar_1,
          ecumenical_altar_2

Action                   |  1- 3 |  4- 6 || total
-------------------------+-------+-------++-------
Melee: Unarmed           |     4 |       ||     4
       Short sword       |     1 |       ||     1
       Club              |    19 |       ||    19
       Mace              |    39 |    54 ||    93
Throw: Large rock        |    51 |    20 ||    71
       Throwing net      |     5 |       ||     5
       Stone             |     4 |     1 ||     5
  Use: Potion            |     2 |       ||     2
 Stab: Held in net/web   |     1 |       ||     1
  Eat: Chunk             |     1 |     3 ||     4
